 Dungeon Sprint DCSS version 0.31-a0-276-ge00219d475 (webtiles) character file.

Game seed: 15871935553791952887

82 Conn the Firebug (level 4, -9/29 HPs)
             Began as an Octopode Fire Elementalist on July 15, 2023.
             Mangled by a human
             ... wielding a +0 dagger
              (14 damage)
             ... in the Dungeon (Sprint III: "The Ten Rune Challenge").
             The game lasted 00:02:10 (249 turns).

Conn the Firebug (Octopode Fire Elementalist)        Turns: 249, Time: 00:02:11

Health: -9/29      AC:  1    Str:  5    XL:     4   Next: 43%
Magic:  1/9        EV: 14    Int: 19    God:
Gold:   18         SH:  0    Dex: 12    Spells: 0/10 levels left

rFire   . . .        (no weapon)
rCold   . . .        (no shield)
rNeg    . . .        (helmet restricted)
rPois   .            (no amulet)
rElec   .            (no ring)
rCorr   .            (no ring)
SInv    .            (no ring)
Will    .....        (no ring)
Stlth   ++++         (no ring)
HPRegen 0.24/turn    (no ring)
MPRegen 0.11/turn    (no ring)
                     (no ring)

%: no teleportation, clarity
@: very slightly contaminated
A: almost no armour, amphibious, 8 rings, camouflage 1, gelatinous body 1,
(nimble swimmer 1), tentacles, clarity, robust 1, weak 1
a: no special abilities


You were in the Dungeon.
You visited 1 branch You collected 18 gold pieces.

Inventory:

Scrolls
 f - a scroll of blinking
 h - a scroll of torment {unknown}
 i - 3 scrolls of identify
 l - a scroll of immolation {unknown}
Potions
 a - 3 potions of magic
 b - a potion of curing
 c - a potion of heal wounds
 d - a potion of haste
 e - a potion of berserk rage
 g - 2 potions of mutation
 j - a potion of degeneration {unknown}
 k - 3 potions of enlightenment


   Skills:
 + Level 3.5 Dodging
 + Level 4.5 Stealth
 + Level 0.3 Unarmed Combat
 + Level 3.9 Spellcasting
 + Level 1.6 Conjurations
 + Level 6.7 Fire Magic


You couldn't memorise any spells.
You knew the following spells:

 Your Spells              Type           Power      Damage    Failure   Level
a - Foxfire               Conj/Fire      76%        2x1d7     2%          1
b - Scorch                Fire           58%        2d7       1%          2
c - Inner Flame           Hex/Fire       16%        N/A       11%         3
d - Flame Wave            Conj/Fire      19%        2d7       24%         4

Your spell library contained the following spells:

 Spells                   Type           Power      Damage    Failure   Level
 Volatile Blastmotes      Fire/Tloc      32%        2d12      11%         3


Dungeon Overview and Level Annotations

Branches:
Dungeon (1/1)

Altars:


Innate Abilities, Weirdness & Mutations

You cannot wear most types of armour.
You are amphibious.
You can wear up to eight rings at the same time.
Your skin changes colour to match your surroundings (Stealth+).
Your rubbery body absorbs attacks. (AC +1, EV +1)
((You are camouflaged when in or above water. (Stealth+)))
You have tentacles for arms and can constrict up to eight enemies at once.
You possess an exceptional clarity of mind.
You are robust. (+10% HP)
You are weak. (Str -2)


Message History

The spell is extremely dangerous to miscast (24% risk of failure)!
Continue anyway?
Okay, then.
Unknown command.
Unknown command.
Sorry, you're not good enough to have a special ability.
Unknown command.
Unknown command.
Casting: Flame Wave (extremely dangerous; 24% risk of failure)
Confirm with . or Enter, or press ? or * to list all spells.
The spell is extremely dangerous to miscast (24% risk of failure)!
Continue anyway?
Casting: Flame Wave (extremely dangerous; 24% risk of failure)
Press: ? - help, Dir - look around, f - activate You miscast Flame Wave.
You are very lightly contaminated with residual magic.
Sparks fly from your tentacles!
You hear a shout!
Unknown command.
Casting: Flame Wave (extremely dangerous; 24% risk of failure)
Confirm with . or Enter, or press ? or * to list all spells.
The spell is extremely dangerous to miscast (24% risk of failure)!
Continue anyway?
Casting: Flame Wave (extremely dangerous; 24% risk of failure)
Press: ? - help, Dir - look around, f - activate A wave of flame ripples out!
The tree burns like a torch!
The flame wave engulfs the water elemental!
The water elemental is burned terribly!
The water elemental is heavily damaged. (Press . to intensify the flame waves.)
The water elemental hits you!!
Ouch! That really hurt!
* * * LOW HITPOINT WARNING * * *
The forest fire spreads!
Unknown command.
Unknown command.
Unknown command.
The water elemental attacks as you move away!
The water elemental misses you.
The human is engulfed in a forest fire.
The water elemental is engulfed in blazing flames.
You destroy the water elemental!
The human is engulfed in a forest fire.
The human hits you with a +0 dagger!
You die...

▓▓▓▓▓▓▓▓▓▓▓ ▓▓▓
▓<.#..'...♣♣♣♣ ♣.#
▓.§#..#......♣ ♣.#
▓#+####....♣.♣ ♣♣.#
▓.....#....~♣♣♣♣..# #+#'#
▓†....#...~~♣§..♣.#......
▓...v.#..~~~~@p§§p'.⌠....
▓####'#..†≈≈~§§§§.#...###
▓(....#.~~≈~~§§§§.# ⌠.#
▓...†.#.~≈~~~.....# .#
▓.....#.~~~.......# #
▓'#####...........#
▓.................#
▓▓▓▓▓▓▓▓▓▓▓▓▓▓▓▓▓▓▓


You could see 2 humans.

Vanquished Creatures
  A scorpion (D)
  A water elemental (D)
  A human (D)
  An endoplasm (D)
  3 rats (D)
7 creatures vanquished.

Vanquished Creatures (others)
  16 foxfires (D)
16 creatures vanquished.

Grand Total: 23 creatures vanquished

Notes
Turn   | Place    | Note
-------+----------+-------------------------------------------
     0 | D        | Conn the Octopode Fire Elementalist began the quest for the
                  | Orb.
     0 | D        | Reached XP level 1. HP: 11/11 MP: 3/3
    84 | D        | Noticed a scorpion
    92 | D        | Killed a scorpion
    93 | D        | Reached skill level 6 in Fire Magic
    93 | D        | Reached XP level 2. HP: 17/17 MP: 0/6
    93 | D        | Reached XP level 3. HP: 21/21 MP: 0/8
    93 | D        | Reached XP level 4. HP: 27/27 MP: 0/9
   220 | D        | Gained mutation: You are robust. (+10% HP) [potion of
                  | mutation]
   220 | D        | Gained mutation: You are weak. (Str -2) [potion of
                  | mutation]
   220 | D        | Gained mutation: You possess an exceptional clarity of
                  | mind. [potion of mutation]
   234 | D        | Learned a level 2 spell: Scorch
   238 | D        | Learned a level 3 spell: Inner Flame
   243 | D        | Learned a level 4 spell: Flame Wave
   243 | D        | Noticed a human
   243 | D        | Noticed a water elemental
   243 | D        | Noticed a human
   249 | D        | Killed a water elemental
   249 | D        | Mangled by a human

Illustrated notes

Levels and vault maps discovered:
D:        dungeon_sprint_mu [sprint_mu_entry_forest, sprint_mu_temple_rooms,
          sprint_mu_d1_horrors, sprint_mu_d2_genie, sprint_mu_d3_branching,
          sprint_mu_orc_legion, sprint_mu_elf_gauntlet, sprint_mu_hive_nellie,
          sprint_mu_lair_fedhas, sprint_mu_vaults_butterflies,
          sprint_mu_slime_circle, sprint_mu_swamp_cave, sprint_mu_shoals_archi,
          sprint_mu_blade_basic, sprint_mu_crypt_fortress,
          sprint_mu_tomb_spiral, sprint_mu_vestibule_basic,
          sprint_mu_gehenna_hellfire, sprint_mu_dis_giant,
          sprint_mu_tartarus_statrot, sprint_mu_cocytus_islands, sprint_mu_zot1]

Skill      XL: |  1 |
---------------+----+-----
Dodging        | 3 |  3.5
Stealth        | 4 |  4.5
Spellcasting   | 3 |  3.9
Fire Magic     | 6 |  6.7
Unarmed Combat | |  0.3
Conjurations   | |  1.6

Action                     |  1- 3 |  4- 6 || total
---------------------------+-------+-------++-------
  Melee: Unarmed           |     5 |     4 ||     9
         Tentacles         |     1 |     1 ||     2
         Constrict         |     1 |       ||     1
   Cast: Foxfire           |     8 |     2 ||    10
         Flame Wave        |       |     1 ||     1
    Use: Potion            |       |     1 ||     1
 Armour: Skin              |     3 |       ||     3
  Dodge: Dodged            |     4 |     2 ||     6

Table legend: (Time is in decaauts)
 A = Elapsed time spent in this place.
 B = Non-inter-level travel time spent in this place.
 C = Inter-level travel time spent in this place.
 D = Time resting spent in this place.
 E = Time spent auto-exploring this place.
 F = Levels seen in this place.
 G = Mean time per level.
                   A        B        C        D        E       F      G
               +--------+--------+--------+--------+--------+-----+--------+
         Total |    249 |    249 |      0 |    127 |      0 |   1 |  249.0 |
       Dungeon |    249 |    249 |      0 |    127 |      0 |   1 |  249.0 |
               +--------+--------+--------+--------+--------+-----+--------+

Top non-repeatable levels by time:
       D: 249 daAuts
